 Dungeon Crawl Stone Soup version 0.30-a0-219-gf2db51d15e (webtiles) character file.

Game seed: 15175599820496317881

84 funkygono the Digger (level 4, -1/25 HPs)
             Began as a Gargoyle Earth Elementalist on Oct 6, 2022.
             Slain by an orc wizard
             ... wielding a +0 dagger
              (3 damage)
             ... on level 3 of the Dungeon.
             The game lasted 00:03:25 (2021 turns).

funkygono the Digger (Gargoyle Earth Elementalist)  Turns: 2021, Time: 00:03:26

Health: -1/25      AC:  5    Str: 11    XL:     4   Next: 45%
Magic:  4/8        EV: 12    Int: 18    God:
Gold:   128        SH:  0    Dex: 10    Spells: 3/9 levels left

rFire   + . .      SeeInvis .    i - +0 whip
rCold   + . .      Faith    .    (no shield)
rNeg    + . .      Spirit   .    a - +0 robe
rPois   ∞          Reflect  .    (no helmet)
rElec   +          Harm     .    (no cloak)
rCorr   .          Rampage  .    (no gloves)
Will    .....                    (no boots)
Stlth   ++........               j - amulet of the acrobat
HPRegen 0.24/turn                r - ring of protection from fire
MPRegen 0.11/turn                s - ring of protection from cold

@: no status effects
A: sickness immunity, AC +3, negative energy resistance 1, electricity
resistance, torment resistance 1, petrification resistance
a: no special abilities


You were on level 3 of the Dungeon.
You visited 1 branch of the dungeon, and saw 4 of its levels.

You collected 128 gold pieces.

Inventory:

Hand Weapons
 i - a +0 whip (weapon)
Armour
 a - a +0 robe (worn)
 h - a +0 buckler
Jewellery
 j - an amulet of the acrobat (around neck)
 r - a ring of protection from fire (left hand)
 s - a ring of protection from cold (right hand)
 u - a ring of protection from cold
Scrolls
 d - 5 scrolls of identify {unknown}
 e - a scroll of blinking {unknown}
 k - 2 scrolls of teleportation {unknown}
 l - a scroll of torment {unknown}
 n - a scroll of noise {unknown}
 p - a scroll of magic mapping {unknown}
 t - a scroll of poison {unknown}
 v - 2 scrolls of vulnerability {unknown}
Potions
 b - 2 potions of magic
 c - 2 potions of ambrosia {unknown}
 f - a potion of brilliance {unknown}
 g - 2 potions of haste {unknown}
 m - 3 potions of berserk rage {unknown}
 o - 2 potions of mutation {unknown}
 q - a potion of degeneration {unknown}


   Skills:
 + Level 1.0 Fighting
 + Level 0.1 Maces & Flails
 + Level 1.8 Dodging
 - Level 2.1 Stealth
 + Level 3.3 Spellcasting
 * Level 0.5 Conjurations
 + Level 0.7 Transmutations
 + Level 4.4 Earth Magic


You had 3 spell levels left.
You knew the following spells:

 Your Spells              Type           Power      Damage    Failure   Level
a - Sandblast             Erth           36%        2d10      2%          1
b - Passwall              Tmut/Erth      10%        N/A       9%          2
c - Stone Arrow           Conj/Erth      22%        3d8       17%         3

Your spell library contained the following spells:

 Spells                   Type           Power      Damage    Failure   Level
 Magic Dart               Conj           16%        1d3       13%         1
 Call Imp                 Summ           2%         N/A       24%         2
 Mephitic Cloud           Conj/Pois/Air  3%         N/A       41%         3
 Tukima's Dance           Hex            2%         N/A       43%         3
 Petrify                  Tmut/Erth      12%        N/A       50%         4
 Passage of Golubria      Tloc           2%         N/A       85%         4
 Yara's Violent Unravell  Hex/Tmut       2%         3d3       98%         5


Dungeon Overview and Level Annotations

Branches:
Dungeon (4/15)
 Temple: D:4-7

Altars:
Ashenzari
Nemelex Xobeh
Qazlal
Vehumet

Shops:
D:1 *


Innate Abilities, Weirdness & Mutations

You are immune to sickness and miasma.
Your stone body is resilient. (AC +3)
You are immune to poison.
You resist negative energy. (rN+)
You are resistant to electric shocks. (rElec)
You are resistant to unholy torment.
You are immune to petrification.


Message History

* * * LOW HITPOINT WARNING * * *
You climb upwards.
There is a stone staircase leading down here.
Casting: Sandblast (safe; 2% risk of failure)
Confirm with . or Enter, or press ? or * to list all spells.
Aiming: Sandblast (safe; 2% risk of failure)
Press: ? - help, Shift-Dir - straight line, f - orc wizard
Aim: an orc wizard, wielding a +0 dagger and wearing a +0 robe (77% to hit)
The blast of sand hits the orc wizard!
The orc wizard is severely wounded.
The orc wizard hits you but does no damage.
Unknown command.
Casting: Sandblast (safe; 2% risk of failure)
Confirm with . or Enter, or press ? or * to list all spells.
Aiming: Sandblast (safe; 2% risk of failure)
Press: ? - help, Shift-Dir - straight line, f/p - orc wizard
Aim: an orc wizard, wielding a +0 dagger and wearing a +0 robe (severely wounded, 77% to hit)
The blast of sand hits the orc wizard but does no damage.
The orc wizard is severely wounded.
The orc wizard hits you with a +0 dagger.
* * * LOW HITPOINT WARNING * * *
The orc wizard casts a spell.
The orc wizard flickers and vanishes!
Deactivating autopickup; reactivate with Ctrl-A.
Casting: Sandblast (safe; 2% risk of failure)
Confirm with . or Enter, or press ? or * to list all spells.
You can't see any susceptible monsters within range! (Use Z to cast anyway.) Unknown command.
Casting: Sandblast (safe; 2% risk of failure)
Confirm with . or Enter, or press ? or * to list all spells.
Aiming: Sandblast (safe; 2% risk of failure)
Press: ? - help, Shift-Dir - straight line The blast of sand hits something.
Something hits you but does no damage.
Unknown command.
Casting: Sandblast (safe; 2% risk of failure)
Confirm with . or Enter, or press ? or * to list all spells.
Aiming: Sandblast (safe; 2% risk of failure)
Press: ? - help, Shift-Dir - straight line Something hits you.
You die...

#.............# #.....
####..........# ######
#......#.### ##. #..<...#.##
####.. ##..####..# #.....
#####..## #..# #.....
########.......###..# #.....
#.....##.####...[...# #####.....
#........####..{@...####.........
#........................###.....
#.....#######........##### #.....
####### #........# #.....
##.....#.##### #.....
#......).....# ######
#............# #............#
##.....#######


There were no monsters in sight!

Vanquished Creatures
  A gnoll (D:1)
  3 adders
  A worm (D:2)
  A dart slug (D:2)
  2 orcs
  3 bats
  3 endoplasms (D:1)
  4 goblins
  3 hobgoblins
  3 jackals (D:4)
  6 kobolds
  3 ball pythons
  A frilled lizard (D:1)
  5 rats
39 creatures vanquished.

Notes
Turn   | Place    | Note
-------+----------+-------------------------------------------
     0 | D:1      | funkygono the Gargoyle Earth Elementalist began the quest
                  | for the Orb.
     0 | D:1      | Reached XP level 1. HP: 10/10 MP: 3/3
   228 | D:1      | Reached XP level 2. HP: 15/15 MP: 0/5
   621 | D:1      | Reached XP level 3. HP: 19/19 MP: 5/7
   624 | D:1      | Learned a level 2 spell: Passwall
   628 | D:1      | Learned a level 3 spell: Stone Arrow
   639 | D:1      | Found Giohyi's General Store.
  1011 | D:2      | Found a faded altar of an unknown god.
  1037 | D:2      | Reached skill level 1 in Fighting
  1554 | D:3      | Reached skill level 4 in Earth Magic
  1554 | D:3      | Reached XP level 4. HP: 25/25 MP: 6/8
  1586 | D:3      | Found a broken altar of Ashenzari.
  1896 | D:4      | Found a sparkling altar of Nemelex Xobeh.
  1896 | D:4      | Found a radiant altar of Vehumet.
  1904 | D:4      | Found a stormy altar of Qazlal.
  2019 | D:3      | HP: 1/25 [orc wizard/+0 dagger (4)]
  2021 | D:3      | Slain by an orc wizard

Illustrated notes

Levels and vault maps discovered:
D:1:      giann_forest_graveyard, layout_loops_ring, serial_shops, shop,
          solitary_fountain, nicolae_figureground_pulse
D:2:      layout_rooms, ebering_ecumenical_altar_webs
D:3:      layout_rooms, mainiacjoe_overflow_small_starburst, hex_intersection
D:4:      layout_cave_pools, grunt_temple_overflow_open

Skill      XL: |  1  2  3 |
---------------+----------+-----
Spellcasting   | 3 |  3.3
Fighting       | 1 |  1.0
Earth Magic    | 4 |  4.4
Maces & Flails | |  0.1
Dodging        | |  1.8
Stealth        | |  2.1
Conjurations   | |  0.5
Transmutations | |  0.7

Action                   |  1- 3 |  4- 6 || total
-------------------------+-------+-------++-------
Melee: Whip              |       |     5 ||     5
 Cast: Sandblast         |    40 |    23 ||    63
Armor: Robe              |     8 |     5 ||    13
Dodge: Dodged            |    31 |    12 ||    43

Table legend: (Time is in decaauts)
 A = Elapsed time spent in this place.
 B = Non-inter-level travel time spent in this place.
 C = Inter-level travel time spent in this place.
 D = Time resting spent in this place.
 E = Time spent auto-exploring this place.
 F = Levels seen in this place.
 G = Mean time per level.
                   A        B        C        D        E       F      G
               +--------+--------+--------+--------+--------+-----+--------+
         Total |   2052 |   1991 |     61 |     57 |   1576 |   4 |  513.0 |
       Dungeon |   2052 |   1991 |     61 |     57 |   1576 |   4 |  513.0 |
               +--------+--------+--------+--------+--------+-----+--------+

Top non-repeatable levels by time:
     D:1: 954 daAuts
     D:2: 552 daAuts
     D:3: 479 daAuts
     D:4: 66 daAuts
